NCAA
KANSAS STATE WILDCATS @ NORTH CAROLINA TAR HEELS
05/20/2023
 
TOP OF THE 1ST
Kansas State Wildcats batting - Pitching for North Carolina Tar Heels : RHP Andrew Moss
Pitching: RHP Andrew Moss
Batting: RHB Bill Jordan 0-0: Ball
1-0: Ball
2-0: Foul Ball, location: 2F
2-1: Fly out, F9 (Flyball, 89S)
Batting: SHB Don Pittman 0-0: Ball
1-0: Ball
2-0: Ball
3-0: Base on Balls
Batting: LHB Tony Smith 0-0: Called Strike
0-1: SINGLE (Line Drive, 9S)
Don Pittman to second
Batting: RHB David Hernández 0-0: Swinging Strike
0-1: Ball
1-1: Swinging Strike
1-2: Strikes out swinging
Batting: LHB Kyle Harrison 0-0: Called Strike
0-1: Ball
1-1: DOUBLE (Flyball, 9D)
Don Pittman scores
Tony Smith to third
Runner from 3rd tries for Home, SAFE, no throw or cutoff
Batting: RHB John Wilson 0-0: Ball
1-0: Ball
2-0: Foul Ball, location: 2F
2-1: Ball
3-1: Swinging Strike
3-2: DOUBLE (Flyball, 7LS)
Kyle Harrison scores
Batting: RHB Bobby Hinkle 0-0: Ball
1-0: Swinging Strike
1-1: Foul Ball, location: 2F
1-2: Strikes out swinging
Top of the 1st over - 3 run(s), 3 hit(s), 0 error(s), 1 left on base; Kansas State 3 - North Carolina 0
BOTTOM OF THE 1ST
North Carolina Tar Heels batting - Pitching for Kansas State Wildcats : LHP Timothy Martin
Pitching: LHP Timothy Martin
Batting: RHB Mike Shelton 0-0: Called Strike
0-1: Foul Ball, location: 2F
0-2: Fly out, F8 (Flyball, 8RM)
Batting: LHB Cliff David 0-0: Called Strike
0-1: Foul Ball, location: 2F
0-2: Strikes out swinging
Batting: LHB Vaughn Carter 0-0: Ball
1-0: Ball
2-0: Foul Ball, location: 2F
2-1: Foul Ball, location: 2F
2-2: Foul Ball, location: 2F
2-2: Ball
3-2: Base on Balls
Batting: RHB Russell Thomas 0-0: SINGLE (Line Drive, 6MD)
Vaughn Carter to second
Throwing error, E8
Vaughn Carter scores
Russell Thomas to second
Batting: LHB Dan Hamilton 0-0: Foul Ball, location: 2F
0-1: Swinging Strike
0-2: Fly out, F8 (Flyball, 78M)
Bottom of the 1st over - 1 run(s), 1 hit(s), 1 error(s), 1 left on base; Kansas State 3 - North Carolina 1
TOP OF THE 2ND
Kansas State Wildcats batting - Pitching for North Carolina Tar Heels : RHP Andrew Moss
Batting: RHB Kevin Rigsby 0-0: SINGLE (Line Drive, 56)
Batting: RHB Andrew Deal 0-0: Ball
1-0: Reached on error, E5 (Groundball, 5L)
Kevin Rigsby to second
Batting: RHB Bill Jordan 0-0: Foul Ball, location: 2F
0-1: SINGLE (Line Drive, 89M)
Kevin Rigsby to third
Andrew Deal to second
Runner from 3rd tries for Home, SAFE, no throw or cutoff
Batting: SHB Don Pittman 0-0: SINGLE (Flyball, 7S)
Andrew Deal to third
Bill Jordan to second
Runner from 3rd tries for Home, SAFE, throw made home
Batting: LHB Tony Smith 0-0: Ball
1-0: Ball
2-0: Foul Ball, location: 2F
2-1: Foul Ball, location: 2F
2-2: Strikes out looking
Batting: RHB David Hernández 0-0: Ball
1-0: Ball
Bill Jordan steals 3rd base
Don Pittman to second
2-0: Ball
3-0: Called Strike
3-1: Swinging Strike
3-2: Base on Balls
Batting: LHB Kyle Harrison 0-0: Ball
1-0: Foul Ball, location: 2F
1-1: Fly out, F7 (Line Drive, 7M)
Runner from 3rd tags up, SCORES, no throw
Batting: RHB John Wilson 0-0: Ball
1-0: Called Strike
1-1: Foul Ball, location: 2F
1-2: Strikes out looking
Top of the 2nd over - 3 run(s), 3 hit(s), 1 error(s), 2 left on base; Kansas State 6 - North Carolina 1
BOTTOM OF THE 2ND
North Carolina Tar Heels batting - Pitching for Kansas State Wildcats : LHP Timothy Martin
Batting: RHB Miguel Mendoza 0-0: Ball
1-0: DOUBLE (Flyball, 78M)
Batting: LHB Dan Chandler 0-0: Ball
1-0: Ball
2-0: Swinging Strike
2-1: Ball
3-1: Base on Balls
Batting: RHB Frederick Curtis 0-0: Ball
1-0: Ball
2-0: Ball
3-0: Base on Balls
Miguel Mendoza to third
Dan Chandler to second
Batting: LHB Owen Moreno 0-0: Called Strike
0-1: Ball
Passed Ball!
Miguel Mendoza scores
Dan Chandler to third
Frederick Curtis to second
1-1: Swinging Strike
1-2: Strikes out swinging
Batting: RHB Mike Shelton 0-0: Ball
1-0: Called Strike
1-1: Foul Ball, location: 2F
1-2: Ball
2-2: SINGLE (Groundball, 6MD) (infield hit)
Dan Chandler scores
Frederick Curtis to third
Batting: LHB Cliff David 0-0: Ball
Mike Shelton steals 2nd base
1-0: SINGLE (Groundball, 34D)
Frederick Curtis scores
Mike Shelton to third
Runner from 3rd tries for Home, throw and OUT!
Batting: LHB Vaughn Carter 0-0: Ball
1-0: Ball
2-0: Swinging Strike
2-1: Ball
3-1: Foul Ball, location: 2F
3-2: Foul Ball, location: 2F
3-2: Ground out 4-3 (Groundball, 4)
Bottom of the 2nd over - 3 run(s), 3 hit(s), 0 error(s), 1 left on base; Kansas State 6 - North Carolina 4
TOP OF THE 3RD
Kansas State Wildcats batting - Pitching for North Carolina Tar Heels : RHP Andrew Moss
Batting: RHB Bobby Hinkle 0-0: Foul Ball, location: 2F
0-1: Ball
1-1: Foul Ball, location: 2F
1-2: Foul Ball, location: 2F
1-2: SINGLE (Line Drive, 3)
Batting: RHB Kevin Rigsby 0-0: Ball
1-0: Foul Ball, location: 2F
1-1: Swinging Strike
1-2: DOUBLE (Flyball, 7LM)
Bobby Hinkle to third
Batting: RHB Andrew Deal 0-0: Called Strike
0-1: Ball
1-1: Ground out 5-3 (Groundball, 56)
Bobby Hinkle scores
Batting: RHB Bill Jordan 0-0: Called Strike
0-1: Ball
1-1: Ball
2-1: Ball
3-1: Foul Ball, location: 2F
3-2: Foul Ball, location: 2F
3-2: Base on Balls
Batting: SHB Don Pittman 0-0: Swinging Strike
0-1: Ball
Kevin Rigsby is caught stealing 3rd base
Bill Jordan to second
1-1: Foul Ball, location: 2F
1-2: Ball
2-2: Strikes out looking
Top of the 3rd over - 1 run(s), 2 hit(s), 0 error(s), 1 left on base; Kansas State 7 - North Carolina 4
BOTTOM OF THE 3RD
North Carolina Tar Heels batting - Pitching for Kansas State Wildcats : LHP Timothy Martin
Batting: RHB Russell Thomas 0-0: Ball
1-0: Ground out 5-3 (Groundball, 56S)
Batting: LHB Dan Hamilton 0-0: Called Strike
0-1: Swinging Strike
0-2: Foul Ball, location: 2F
0-2: Foul Ball, location: 2F
0-2: Ball
1-2: Foul Ball, location: 2F
1-2: Ball
2-2: Ball
3-2: Strikes out swinging
Batting: RHB Miguel Mendoza 0-0: Foul Ball, location: 2F
0-1: Ground out 6-3 (Groundball, 6)
Bottom of the 3rd over - 0 run(s), 0 hit(s), 0 error(s), 0 left on base; Kansas State 7 - North Carolina 4
TOP OF THE 4TH
Kansas State Wildcats batting - Pitching for North Carolina Tar Heels : RHP Andrew Moss
Batting: LHB Tony Smith 0-0: Called Strike
0-1: SINGLE (Line Drive, 4MD)
Batting: RHB David Hernández 0-0: Ball
1-0: Swinging Strike
1-1: Swinging Strike
1-2: Ball
2-2: Foul Ball, location: 2F
2-2: Ball
3-2: Foul Ball, location: 2F
3-2: Ground out 4-3 (Groundball, 4M)
Tony Smith to second
Pitching: RHP Cisco Dávila
Batting: LHB Kyle Harrison 0-0: Called Strike
Tony Smith steals 3rd base
0-1: Ball
1-1: Ball
2-1: Ball
3-1: Base on Balls
Batting: RHB John Wilson 0-0: Ball
1-0: DOUBLE (Line Drive, 5D)
Tony Smith scores
Kyle Harrison to third
Batting: RHB Bobby Hinkle 0-0: Called Strike
0-1: Foul Ball, location: 2F
0-2: Ball
1-2: Strikes out swinging
Batting: RHB Kevin Rigsby 0-0: Ball
1-0: Called Strike
1-1: SINGLE (Flyball, 9LM)
Kyle Harrison scores
John Wilson to third
Batting: RHB Andrew Deal 0-0: SINGLE (Groundball, 4M)
John Wilson scores
Kevin Rigsby to second
Batting: RHB Bill Jordan 0-0: Foul Ball, location: 2F
0-1: Ball
1-1: Ball
2-1: Foul Ball, location: 2F
2-2: Fly out, F3 (Line Drive, 3L)
Top of the 4th over - 3 run(s), 4 hit(s), 0 error(s), 2 left on base; Kansas State 10 - North Carolina 4
BOTTOM OF THE 4TH
North Carolina Tar Heels batting - Pitching for Kansas State Wildcats : LHP Timothy Martin
Batting: LHB Dan Chandler 0-0: Ball
1-0: Foul Ball, location: 2F
1-1: Foul Ball, location: 2F
1-2: Ball
2-2: Ground out U3 (Groundball, 3S)
Batting: RHB Frederick Curtis 0-0: Foul Ball, location: 2F
0-1: Called Strike
0-2: Foul Ball, location: 2F
0-2: Strikes out looking
Batting: LHB Owen Moreno 0-0: Ball
1-0: Ball
2-0: Called Strike
2-1: SINGLE (Line Drive, 8LS)
Batting: RHB Mike Shelton 0-0: Ball
Pickoff Throw to First - Out!
Bottom of the 4th over - 0 run(s), 1 hit(s), 0 error(s), 0 left on base; Kansas State 10 - North Carolina 4
TOP OF THE 5TH
Kansas State Wildcats batting - Pitching for North Carolina Tar Heels : RHP Cisco Dávila
Batting: SHB Don Pittman 0-0: Called Strike
0-1: Swinging Strike
0-2: Ball
1-2: Ball
2-2: Strikes out swinging
Batting: LHB Tony Smith 0-0: Called Strike
0-1: Called Strike
0-2: Ball
1-2: Foul Ball, location: 2F
1-2: Strikes out looking
Batting: RHB David Hernández 0-0: Called Strike
0-1: Ball
1-1: Called Strike
1-2: Ground out 5-3 (Groundball, 56)
Top of the 5th over - 0 run(s), 0 hit(s), 0 error(s), 0 left on base; Kansas State 10 - North Carolina 4
BOTTOM OF THE 5TH
North Carolina Tar Heels batting - Pitching for Kansas State Wildcats : LHP Timothy Martin
Batting: RHB Mike Shelton 0-0: Ball
1-0: Fly out, F9 (Flyball, 89M)
Batting: LHB Cliff David 0-0: Ball
1-0: Ball
2-0: Foul Ball, location: 2F
2-1: Ball
3-1: Called Strike
3-2: Base on Balls
Pitching: RHP Kevin Pitts
Batting: LHB Vaughn Carter 0-0: Ball
1-0: Fielders Choice at 2nd, 1-6 (Groundball, 25)
Batting: RHB Russell Thomas 0-0: Hit by Pitch
Vaughn Carter to second
Batting: LHB Dan Hamilton 0-0: Ball
1-0: Ground out 4-3 (Groundball, 4)
Bottom of the 5th over - 0 run(s), 0 hit(s), 0 error(s), 2 left on base; Kansas State 10 - North Carolina 4
TOP OF THE 6TH
Kansas State Wildcats batting - Pitching for North Carolina Tar Heels : RHP Cisco Dávila
Batting: LHB Kyle Harrison 0-0: Ball
1-0: Ball
2-0: Ball
3-0: Called Strike
3-1: Called Strike
3-2: SINGLE (Groundball, 6M)
Batting: RHB John Wilson 0-0: Foul Ball, location: 2F
0-1: Ball
1-1: Swinging Strike
1-2: Ball
2-2: Strikes out swinging
Kyle Harrison is caught stealing 2nd base
Batter strikes out.
Batting: RHB Bobby Hinkle 0-0: Ball
1-0: Foul Ball, location: 2F
1-1: Called Strike
1-2: Foul Ball, location: 2F
1-2: Ball
2-2: Strikes out looking
Top of the 6th over - 0 run(s), 1 hit(s), 0 error(s), 0 left on base; Kansas State 10 - North Carolina 4
BOTTOM OF THE 6TH
North Carolina Tar Heels batting - Pitching for Kansas State Wildcats : RHP Kevin Pitts
Batting: RHB Miguel Mendoza 0-0: Ball
1-0: Foul Ball, location: 2F
1-1: Ball
2-1: Ball
3-1: Base on Balls
Batting: LHB Dan Chandler 0-0: Ball
1-0: Ball
2-0: Ball
3-0: Called Strike
3-1: Called Strike
3-2: Foul Ball, location: 2F
3-2: Foul Ball, location: 2F
3-2: Strikes out swinging
Batting: RHB Frederick Curtis 0-0: Ball
Miguel Mendoza is caught stealing 2nd base
1-0: SINGLE (Groundball, 4M)
Batting: LHB Owen Moreno 0-0: Ball
1-0: Called Strike
1-1: SINGLE (Groundball, 5D)
Frederick Curtis to second
Batting: RHB Mike Shelton 0-0: Ball
1-0: Called Strike
1-1: Foul Ball, location: 2F
1-2: Ball
2-2: Strikes out swinging
Bottom of the 6th over - 0 run(s), 2 hit(s), 0 error(s), 2 left on base; Kansas State 10 - North Carolina 4
TOP OF THE 7TH
Kansas State Wildcats batting - Pitching for North Carolina Tar Heels : RHP Cisco Dávila
Pitching: RHP Stan Payne
Batting: RHB Kevin Rigsby 0-0: Called Strike
0-1: Ball
1-1: Ball
2-1: Foul Ball, location: 2F
2-2: Foul Ball, location: 2F
2-2: Foul Ball, location: 2F
2-2: Ground out 5-3 (Groundball, 56)
Batting: RHB Andrew Deal 0-0: Ball
1-0: Foul Ball, location: 2F
1-1: Called Strike
1-2: Strikes out swinging
Batting: RHB Bill Jordan 0-0: Ball
1-0: Foul Ball, location: 2F
1-1: Ground out 1-3 (Groundball, 13S)
Top of the 7th over - 0 run(s), 0 hit(s), 0 error(s), 0 left on base; Kansas State 10 - North Carolina 4
BOTTOM OF THE 7TH
North Carolina Tar Heels batting - Pitching for Kansas State Wildcats : RHP Kevin Pitts
Batting: LHB Cliff David 0-0: Fly out, F8 (Flyball, 8RM)
Pitching: RHP Juan Chávez
Batting: LHB Vaughn Carter 0-0: Called Strike
0-1: Called Strike
0-2: Strikes out looking
Batting: RHB Russell Thomas 0-0: Ball
1-0: Ball
2-0: Ball
3-0: Called Strike
3-1: Foul Ball, location: 2F
3-2: Base on Balls
Batting: LHB Dan Hamilton 0-0: Hit by Pitch
Russell Thomas to second
Batting: RHB Miguel Mendoza 0-0: Foul Ball, location: 2F
0-1: Foul Ball, location: 2F
0-2: Ball
1-2: Ball
2-2: Ball
3-2: Fly out, F7 (Flyball, 78M)
Bottom of the 7th over - 0 run(s), 0 hit(s), 0 error(s), 2 left on base; Kansas State 10 - North Carolina 4
TOP OF THE 8TH
Kansas State Wildcats batting - Pitching for North Carolina Tar Heels : RHP Stan Payne
Batting: SHB Don Pittman 0-0: Ball
1-0: Ball
2-0: Ball
3-0: Base on Balls
Batting: LHB Tony Smith 0-0: Ball
1-0: Ball
2-0: Ball
3-0: Base on Balls
Don Pittman to second
Batting: RHB David Hernández 0-0: DOUBLE (Line Drive, 7LS)
Don Pittman scores
Tony Smith to third
Batting: LHB Kyle Harrison 0-0: Called Strike
0-1: Ball
1-1: DOUBLE (Flyball, 8LXD)
Tony Smith scores
David Hernández scores
Batting: RHB John Wilson 0-0: Foul Ball, location: 2F
0-1: Foul Ball, location: 2F
0-2: DOUBLE (Flyball, 7LD)
Kyle Harrison scores
Pinch Hitting: RHB Hamilton Joyner 0-0: Ball
1-0: Ball
2-0: Ball
3-0: Called Strike
3-1: Base on Balls
Batting: RHB Kevin Rigsby 0-0: Called Strike
0-1: Sac Bunt - play at first, batter OUT! 1-3
John Wilson to third
Hamilton Joyner to second
Batting: RHB Andrew Deal 0-0: Called Strike
0-1: Ground out 1-3 (Groundball, 13S)
Batting: RHB Bill Jordan 0-0: Swinging Strike
0-1: Swinging Strike
0-2: Strikes out swinging
Top of the 8th over - 4 run(s), 3 hit(s), 0 error(s), 2 left on base; Kansas State 14 - North Carolina 4
BOTTOM OF THE 8TH
North Carolina Tar Heels batting - Pitching for Kansas State Wildcats : RHP Juan Chávez
Now in RF: Steve Ashe
Batting: LHB Dan Chandler 0-0: Ball
1-0: Ball
2-0: Called Strike
2-1: Ball
3-1: Base on Balls
Batting: RHB Frederick Curtis 0-0: Ball
1-0: Ball
2-0: Foul Ball, location: 2F
2-1: SINGLE (Line Drive, 56D)
Dan Chandler to second
Batting: LHB Owen Moreno 0-0: Called Strike
0-1: Ball
1-1: Ball
2-1: Foul Ball, location: 2F
2-2: Ball
3-2: Base on Balls
Dan Chandler to third
Frederick Curtis to second
Batting: RHB Mike Shelton 0-0: Ball
1-0: Called Strike
1-1: Ball
2-1: Swinging Strike
2-2: Ball
3-2: Fly out, F8 (Flyball, 8RM)
Runner from 3rd tags up, SCORES, throw made
Batting: LHB Cliff David 0-0: Called Strike
0-1: Called Strike
0-2: Ball
1-2: Ball
2-2: Foul Ball, location: 2F
2-2: Fielders Choice at 2nd, 4-6 (Groundball, 34)
Frederick Curtis to third
Batting: LHB Vaughn Carter 0-0: Called Strike
0-1: SINGLE (Line Drive, 4MD)
Frederick Curtis scores
Cliff David to second
Batting: RHB Russell Thomas 0-0: Foul Ball, location: 2F
0-1: SINGLE (Groundball, 6M)
Cliff David to third
Vaughn Carter to second
Runner from 3rd tries for Home, SAFE, no throw or cutoff
Batting: LHB Dan Hamilton 0-0: Ball
1-0: DOUBLE (Line Drive, 9LM)
Vaughn Carter scores
Russell Thomas to third
Pitching: RHP Ramón Morales
Batting: RHB Miguel Mendoza 0-0: Ball
1-0: Fly out, F9 (Flyball, 89M)
Bottom of the 8th over - 4 run(s), 4 hit(s), 0 error(s), 2 left on base; Kansas State 14 - North Carolina 8
TOP OF THE 9TH
Kansas State Wildcats batting - Pitching for North Carolina Tar Heels : RHP Stan Payne
Pitching: LHP Roger Sutherland
Batting: SHB Don Pittman 0-0: SINGLE (Line Drive, 56)
Batting: LHB Tony Smith 0-0: Called Strike
0-1: Swinging Strike
0-2: Ball
1-2: Ball
2-2: Foul Ball, location: 2F
2-2: Foul Ball, location: 2F
2-2: Ball
3-2: Fly out, F7 (Flyball, 7LS)
Batting: RHB David Hernández 0-0: Fielders Choice at 2nd, 4-6 (Groundball, 34)
Batting: LHB Kyle Harrison 0-0: Called Strike
0-1: SINGLE (Flyball, 6MD)
David Hernández to second
Batting: RHB John Wilson 0-0: Swinging Strike
0-1: Ground out 6-3 (Groundball, 6)
Top of the 9th over - 0 run(s), 2 hit(s), 0 error(s), 2 left on base; Kansas State 14 - North Carolina 8
BOTTOM OF THE 9TH
North Carolina Tar Heels batting - Pitching for Kansas State Wildcats : RHP Ramón Morales
Batting: LHB Dan Chandler 0-0: Ball
1-0: Ball
2-0: Called Strike
2-1: Ground out 4-3 (Groundball, 34)
Batting: RHB Frederick Curtis 0-0: Ball
1-0: Ball
2-0: Called Strike
2-1: Ground out 5-3 (Groundball, 5S)
Batting: LHB Owen Moreno 0-0: Ball
1-0: Called Strike
1-1: Ball
2-1: Foul Ball, location: 2F
2-2: DOUBLE (Groundball, 3L)
Batting: RHB Mike Shelton 0-0: Ball
1-0: Ball
2-0: Ball
3-0: Base on Balls
Batting: LHB Cliff David 0-0: Fly out, F4 (Popup, 4MD)
Bottom of the 9th over - 0 run(s), 1 hit(s), 0 error(s), 2 left on base; Kansas State 14 - North Carolina 8
This league is powered by Out of the Park Baseball, the baseball management simulation game for PC, Mac and Linux
Wednesday, December 2nd, 2015 - OOTP Baseball 16.8 Build 38